 Dungeon Crawl Stone Soup version 0.28.0-45-g0d030f2227 (webtiles) character file.

Game seed: 13822256259925054676

182 issech the Cudgeller (level 5, -2/53 HPs)
             Began as a Troll Monk on Apr 14, 2022.
             Slain by a scorpion (7 damage)
             ... on level 3 of the Dungeon.
             The game lasted 00:10:06 (2302 turns).

issech the Cudgeller (Troll Monk)                   Turns: 2302, Time: 00:10:07

Health: -2/53      AC:  4    Str: 19    XL:     5   Next: 34%
Magic:  4/4        EV: 10    Int:  6    God:
Gold:   174        SH:  0    Dex: 14    Spells: 4/4 levels left

rFire   . . .      SeeInvis .   k - +0 great mace
rCold   . . .      Faith    .   (shield currently unavailable)
rNeg    . . .      Spirit   .   b - +0 robe
rPois   .          Reflect  .   (helmet restricted)
rElec   .          Harm     .   (no cloak)
rCorr   .          Rampage  .   (gloves unavailable)
Will    .....                   (boots unavailable)
Stlth   ++........              (no amulet)
HPRegen 0.97/turn               (no ring)
MPRegen 0.09/turn               (no ring)

@: lethally poisoned (-2 -> -3)
A: large, unfitting armour, claws 3, regeneration 1, shaggy fur 1, tough skin 1
a: no special abilities


You were on level 3 of the Dungeon.
You visited 1 branch of the dungeon, and saw 4 of its levels.

You collected 174 gold pieces.

Inventory:

Hand Weapons
 a - a +0 mace
 g - a +0 club
 k - a +0 great mace (weapon)
 p - a +0 flail
 r - a +0 dagger of venom
Missiles
 e - 45 stones
 f - 52 arrows
 i - 3 poisoned darts
 j - 6 silver javelins
 q - 2 boomerangs (quivered)
Armour
 b - a +0 robe (worn)
 v - an orb of wrath
Magical Staves
 o - a staff of air
Scrolls
 c - 2 scrolls of vulnerability {unknown}
 d - 3 scrolls of identify {unknown}
 t - a scroll of magic mapping {unknown}
Potions
 h - 2 potions of haste {unknown}
 l - a potion of lignification {unknown}
 m - a potion of curing {unknown}
 n - a potion of heal wounds {unknown}
 s - a potion of attraction {unknown}
 u - a potion of flight {unknown}


   Skills:
 + Level 3.2 Fighting
 + Level 4.2 Maces & Flails
 + Level 0.3 Throwing
 + Level 3.2 Dodging
 + Level 1.2 Stealth


You had 4 spell levels left.
You didn't know any spells.
Your spell library contained the following spells:

 Spells                   Type           Power      Damage    Failure   Level
 Freeze                   Ice            0%         1d3       45%         1
 Magic Dart               Conj           0%         1d3       45%         1
 Searing Ray              Conj           0%         2d4       58%         2
 Frozen Ramparts          Ice            0%         1d2       83%         3
 Fulminant Prism          Conj/Hex       0%         3d6       99%         4
 Hailstorm                Conj/Ice       0%         3d3       99%         4


Dungeon Overview and Level Annotations

Branches:
Dungeon (4/15)
 Temple: D:4-7

Altars:
The Shining One

Annotations:
D:4 Pikel


Innate Abilities, Weirdness & Mutations

You are too large for most types of armour.
You have claws for hands.
Your natural rate of healing is unusually fast.
You are covered in fur. (AC +1)
You have tough skin. (AC +1)


Message History

The lemure moves out of view.
Pikel, Merchant of Souls comes into view.
He is wielding a +0 whip of freezing.
You throw a boomerang. The boomerang barely misses the lemure.
The boomerang barely misses Pikel.
Pikel shouts!
You hear a shout! x3
There is a stone staircase leading up here.
You climb upwards.
There is a stone staircase leading down here.
You climb downwards.
Level annotation: Pikel The lemure barely misses you.
The scorpion closely misses you. The lemure hits you but does no damage.
The scorpion stings you.
There is a stone staircase leading up here.
The scorpion stings you.
You are poisoned.
The scorpion poisons you! The lemure hits you.
You climb upwards.
You feel very sick.
There is a stone staircase leading down here.
You feel sick.
The scorpion stings you but does no damage.
You feel sick. The scorpion stings you.
You feel sick.
You feel sick. The scorpion stings you.
You are more poisoned.
The scorpion poisons you!
You feel very sick.
You feel sick.
You feel sick.
You barely miss the scorpion.
You feel sick. The scorpion stings you! The scorpion stings you.
You barely miss the scorpion.
You feel sick. The scorpion stings you!
* * * LOW HITPOINT WARNING * * *
The scorpion barely misses you.
You hit the scorpion.
The scorpion is lightly wounded.
You feel sick. The scorpion stings you.
* * * LOW HITPOINT WARNING * * *
You feel sick. The scorpion stings you!
You die...

..........# ###.#
...#......# ##...##
.....###.##
#.....###### ...#.#
#.# #..........#
.....# #.#
#..........# ...#.#
#.# ##.........#
.....# #)#
##........######
...#.###.#
#####..[...........
.....รท...#
#.@s5.....>..#####.
##.#.#####
#.###........# #.
##.#.# #.#
#........# ##.
#....######## #.#
########.# #..
..#.<.......# #.#
#[..# #.#
.....######.# #.#
#.### #.# ...#.#
#.# #.# #.# #.#
.###.# #.# #.#
#.#### #.#
.###.######.# #.#
#....# #.#


You could see a lemure and a scorpion.

Vanquished Creatures
  A scorpion (D:4)
  Terence (D:3)
  A hound skeleton (D:4)
  2 adders (D:2)
  5 orcs
  5 bats
  6 endoplasms
  6 goblins
  6 hobgoblins
  4 jackals
  5 kobolds
  4 quokkas
  5 ball pythons
  4 frilled lizards
  5 rats
60 creatures vanquished.

Notes
Turn   | Place    | Note
-------+----------+-------------------------------------------
     0 | D:1      | issech the Troll Monk began the quest for the Orb.
     0 | D:1      | Reached XP level 1. HP: 22/22 MP: 0/0
    55 | D:1      | Reached XP level 2. HP: 25/29 MP: 1/1
   283 | D:1      | Reached skill level 3 in Maces & Flails
   408 | D:1      | Reached XP level 3. HP: 32/36 MP: 2/2
   856 | D:2      | Found a glowing golden altar of the Shining One.
   913 | D:2      | Found a faded altar of an unknown god.
  1345 | D:2      | Reached XP level 4. HP: 44/44 MP: 3/3
  1608 | D:3      | Noticed Terence
  1622 | D:3      | Killed Terence
  2186 | D:4      | Noticed a scorpion
  2191 | D:4      | Killed a scorpion
  2192 | D:4      | Reached skill level 4 in Maces & Flails
  2192 | D:4      | Reached XP level 5. HP: 45/53 MP: 4/4
  2279 | D:4      | Noticed a lemure
  2280 | D:4      | Noticed a lemure
  2281 | D:4      | Noticed Pikel
  2302 | D:3      | Slain by a scorpion

Illustrated notes

Levels and vault maps discovered:
D:1:      dpeg_arrival_tiny_i, layout_basic
D:2:      layout_basic, basic_altar, hellmonk_ecumenical_altar_arch_garden
D:3:      layout_loops_ring, uniq_terence
D:4:      layout_loops_ring, serial_shops, nicolae_shop_stone,
          lemuel_flame_loot_1, uniq_pikel, uniq_edmund

Skill      XL: |  1  2  3  4 |
---------------+-------------+-----
Maces & Flails | 3 4 |  4.2
Dodging        | 3 |  3.2
Fighting       | 3 |  3.2
Throwing       | |  0.3
Stealth        | |  1.2

Action                   |  1- 3 |  4- 6 || total
-------------------------+-------+-------++-------
Melee: Mace              |    95 |       ||    95
       Great mace        |    52 |    37 ||    89
Throw: Stone             |    20 |       ||    20
       Boomerang         |       |     5 ||     5
Armor: Robe              |    78 |    10 ||    88
Dodge: Dodged            |   130 |    19 ||   149
